 Dungeon Crawl Stone Soup version 0.30.0 (webtiles) character file.

Game seed: 17617914813872548202

15 PurpleRed the Firebug (level 2, -4/15 HPs)
             Began as a Deep Elf Fire Elementalist on May 17, 2023.
             Slain by a goblin
             ... wielding a +0 club
             ... led by Robin
              (6 damage)
             ... on level 2 of the Dungeon.
             The game lasted 00:02:27 (394 turns).

PurpleRed the Firebug (Deep Elf Fire Elementalist)   Turns: 394, Time: 00:02:27

Health: -4/15      AC:  3    Str:  5    XL:     2   Next: 34%
Magic:  8/8        EV: 12    Int: 19    God:
Gold:   74         SH:  0    Dex: 15    Spells: 4/7 levels left

rFire   . . .        c - +0 dagger
rCold   . . .        (no shield)
rNeg    . . .        a - +0 robe
rPois   .            (no helmet)
rElec   .            (no cloak)
rCorr   .            d - +0 pair of gloves
SInv    .            (no boots)
Will    .....        (no amulet)
Stlth   ++           (no ring)
HPRegen 0.22/turn    (no ring)
MPRegen 0.11/turn

%: no passive effects
@: no status effects
A: no striking features
a: no special abilities


You were on level 2 of the Dungeon.
You visited 1 branch of the dungeon, and saw 2 of its levels.

You collected 74 gold pieces.

Inventory:

Hand Weapons
 c - a +0 dagger (weapon)
Missiles
 i - 5 atropa-tipped darts
Armour
 a - a +0 robe (worn)
 d - a +0 pair of gloves (worn)
 j - a +0 pair of boots
Scrolls
 e - 3 scrolls of teleportation {unknown}
 f - a scroll of identify {unknown}
 h - a scroll of amnesia {unknown}
Potions
 b - a potion of magic
 g - 2 potions of heal wounds {unknown}


   Skills:
 - Level 2.4 Dodging
 - Level 2.4 Stealth
 + Level 3.4 Spellcasting
 + Level 1.7 Conjurations
 + Level 3.6 Fire Magic


You had 4 spell levels left.
You knew the following spells:

 Your Spells              Type           Power      Damage    Failure   Level
a - Foxfire               Conj/Fire      52%        2x1d6     4%          1
b - Scorch                Fire           34%        2d6       4%          2

Your spell library contained the following spells:

 Spells                   Type           Power      Damage    Failure   Level
 Inner Flame              Hex/Fire       10%        N/A       21%         3
 Volatile Blastmotes      Fire/Tloc      20%        2d11      21%         3
 Ensorcelled Hibernation  Hex/Ice        6%         N/A       22%         2
 Passwall                 Tmut/Erth      2%         N/A       22%         2
 Swiftness                Air            3%         N/A       41%         3
 Flame Wave               Conj/Fire      13%        2d6       43%         4


Dungeon Overview and Level Annotations

Branches:
Dungeon (2/15)

Altars:

Shops:
D:1 [

Annotations:
D:2 Robin


Message History

A goblin comes into view. It is wielding a +0 dagger.
A goblin and a giant cockroach come into view.
The goblin shouts! x2; You hear a shout! x5
A goblin comes into view. It is wielding a +0 dagger.
Robin of the Strong Arm comes into view.
They are wielding a +0 short sword.
A goblin comes into view. It is wielding a +0 club.
The giant cockroach bites you but does no damage.
A goblin comes into view. It is wielding a +0 club.
A hobgoblin comes into view.
Robin roars a battlecry!
The goblins go into a battle-frenzy!
The goblin shouts!
You hear a shout!
You see here a +0 pair of boots.
j - a +0 pair of boots The goblin shouts!
The giant cockroach bites you but does no damage.
Robin throws the goblin at you! The goblin hits you but does no damage.
The giant cockroach misses you.
You closely miss the goblin.
A hobgoblin comes into view.
A goblin comes into view. It is wielding a +0 dagger. x3
The goblin hits you with a +0 dagger. Robin throws the goblin at you!
The giant cockroach bites you.
The giant cockroach attacks as you move away!
The giant cockroach bites you but does no damage.
The goblin attacks as you move away!
The goblin closely misses you. 2 goblins come into view.
The goblin shouts! x2
The goblin hits you with a +0 dagger. The goblin attacks as you move away!
The goblin hits you with a +0 dagger.
* * * LOW HITPOINT WARNING * * *
The goblin attacks as you move away! The goblin hits you with a +0 club.
* * * LOW HITPOINT WARNING * * *
The goblin attacks as you move away! The goblin misses you.
The goblin closely misses you. The goblin attacks as you move away!
The goblin completely misses you. The goblin attacks as you move away!
The goblin hits you with a +0 club.
* * * LOW HITPOINT WARNING * * *
The goblin attacks as you move away! The goblin hits you with a +0 club.
You die...

### #.. #.# #..#
#.# .... #.# #..##
# ##@## #... .
#.gg### #..###...
#.gBgg## #....b...
#......####..# #...
###g.#.......##.#.#
#gB..#####.#.#..#
.....#.## #..###.#
..g....# #.#.#..#
gg.###### #.#....#


You could see Robin, 2 giant cockroaches and 6 goblins.

Vanquished Creatures
  An endoplasm (D:2)
  2 hobgoblins
  A kobold (D:1)
  A ball python (D:2)
  4 bats
  A frilled lizard (D:1)
  2 goblins (D:1)
  3 rats (D:1)
15 creatures vanquished.

Vanquished Creatures (others)
  22 foxfires
22 creatures vanquished.

Grand Total: 37 creatures vanquished

Notes
Turn   | Place    | Note
-------+----------+-------------------------------------------
     0 | D:1      | PurpleRed the Deep Elf Fire Elementalist began the quest
                  | for the Orb.
     0 | D:1      | Reached XP level 1. HP: 10/10 MP: 6/6
   216 | D:1      | Reached XP level 2. HP: 15/15 MP: 2/8
   244 | D:1      | Learned a level 2 spell: Scorch
   256 | D:1      | Found Qateuxihe's Antique Armour Shop.
   386 | D:2      | Noticed Robin
   394 | D:2      | Slain by a goblin

Illustrated notes

Levels and vault maps discovered:
D:1:      saegor_arrival_simple_a, layout_basic, serial_shops, shop
D:2:      layout_loops_ring, shapermc_ecumenical_altar_notcrosses, uniq_natasha,
          uniq_robin

Action                     || total
---------------------------++-------
  Melee: Dagger            ||    18
   Cast: Foxfire           ||    18
 Armour: Robe              ||    14
  Dodge: Dodged            ||    26
